 Dungeon Crawl Stone Soup version 0.29-a0-384-g6960b1960d (webtiles) character file.

Game seed: 17308971075525066793

2326 spaghetti the Magician (level 9, -8/63 (68) HPs)
             Began as a Gnoll Wanderer on May 6, 2022.
             Was a Believer of Okawaru.
             Mangled by a meliai
             ... wielding a +0 hand axe
              (10 damage)
             ... on level 10 of the Dungeon.
             The game lasted 00:17:38 (8602 turns).

spaghetti the Magician (Gnoll Wanderer)             Turns: 8602, Time: 00:17:39

HP:   -8/63 (68)    AC:  6    Str: 11    XL:     9   Next: 42%
MP:   18/18         EV: 27    Int: 20    God:    Okawaru [**....]
Gold: 713           SH:  0    Dex:  8    Spells: 20/21 levels left

rFire   + . .      SeeInvis .   b - +2 flail (protect) {mace}
rCold   . . .      Faith    .   (no shield)
rNeg    . . .      Spirit   .   d - +0 robe
rPois   .          Reflect  .   (no helmet)
rElec   .          Harm     .   i - +1 cloak
rCorr   .          Rampage  .   F - +0 pair of gloves
Will    .....                   B - +0 pair of boots
Stlth   ++........              D - amulet of the acrobat
HPRegen 0.20/turn               (no ring)
MPRegen 0.16/turn               (no ring)

@: brilliant, about to teleport, acrobatic, drained, invisible
A: fangs 1, strong nose, distributed training, fire resistance 1
a: Renounce Religion, Heroism


You were on level 10 of the Dungeon.
You worshipped Okawaru.
Okawaru was pleased with you.
You visited 1 branch of the dungeon, and saw 10 of its levels.

You collected 713 gold pieces.


Innate Abilities, Weirdness & Mutations

You have very sharp teeth.
Your uncanny sense of smell can sniff out nearby items.
Your experience applies equally to all skills.
Your flesh is heat resistant. (rF+)


   Skills:
 + Level 5.0 Fighting
 + Level 4.2 Short Blades
 + Level 4.2 Long Blades
 + Level 4.2 Axes
 + Level 4.2 Maces & Flails
 + Level 4.2 Polearms
 + Level 4.2 Staves
 + Level 4.2 Slings
 + Level 4.2 Bows
 + Level 6.3 Crossbows
 + Level 4.2 Throwing
 + Level 4.2 Armour
 + Level 4.2 Dodging
 + Level 4.2 Stealth
 + Level 4.2 Shields
 + Level 4.2 Unarmed Combat
 + Level 6.6 Spellcasting
 + Level 3.4 Conjurations
 + Level 3.4 Hexes
 + Level 3.4 Summonings
 + Level 3.4 Necromancy
 + Level 3.4 Translocations
 + Level 6.5 Transmutations
 + Level 3.4 Fire Magic
 + Level 3.4 Ice Magic
 + Level 3.4 Air Magic
 + Level 3.4 Earth Magic
 + Level 3.4 Poison Magic
 + Level 4.6 Invocations
 + Level 6.3 Evocations


You had 20 spell levels left.
You knew the following spells:

 Your Spells              Type           Power      Damage    Failure   Level
a - Sting                 Tmut/Pois      100%       1d8       1%          1

Your spell library contained the following spells:

 Spells                   Type           Power      Damage    Failure   Level
 Beastly Appendage        Tmut           98%        N/A       1%          1
 Passwall                 Tmut/Erth      33%        N/A       1%          2
 Wereblood                Tmut           49%        N/A       1%          2
 Sandblast                Erth           60%        2d14      2%          1
 Sublimation of Blood     Necr           30%        N/A       3%          2
 Frozen Ramparts          Ice            60%        1d8       7%          3
 Stone Arrow              Conj/Erth      60%        3d10      7%          3
 Ice Form                 Ice/Tmut       40%        N/A       12%         4
 Summon Ice Beast         Ice/Summ       Unusable   N/A       N/A         4
 Summon Hydra             Summ           Unusable   N/A       N/A         7

Inventory:

Hand Weapons
 a - a +0 hand crossbow {crossbow}
 b - a +2 flail of protection (weapon) {mace}
   (You took it off a gnoll on level 2 of the Dungeon)
 c - a +0 dagger {short}
   (You took it off a goblin on level 3 of the Dungeon)
 s - a +0 dagger {short}
   (You took it off a goblin on level 3 of the Dungeon)
 t - a +0 whip {mace}
   (You took it off a kobold on level 3 of the Dungeon)
 v - a +0 club {mace}
   (You took it off an orc on level 4 of the Dungeon)
Missiles
 l - 248 stones (quivered) {throwing}
 q - 4 poisoned darts {throwing}
 w - 4 atropa-tipped darts {throwing}
 G - 5 boomerangs {throwing}
Armour
 d - a +0 robe (worn)
 i - a +1 cloak (worn)
   (You found it on level 1 of the Dungeon)
 B - a +0 pair of boots (worn)
   (You found it on level 6 of the Dungeon)
 F - a +0 pair of gloves (worn)
   (You found it on level 7 of the Dungeon)
Jewellery
 j - a ring of ice
   (You found it on level 3 of the Dungeon)
 p - an amulet of regeneration {@e2}
   (You found it on level 2 of the Dungeon)
 C - a ring of fire
   (You found it on level 6 of the Dungeon)
 D - an amulet of the acrobat (around neck)
   (You found it on level 6 of the Dungeon)
Wands
 r - a wand of iceblast (4)
   (You found it on level 7 of the Dungeon)
 u - a wand of acid (5)
   (You found it on level 4 of the Dungeon)
 y - a wand of digging (1)
   (You took it off Ijyb on level 4 of the Dungeon)
 E - a wand of flame (15)
   (You found it on level 7 of the Dungeon)
Scrolls
 e - a scroll of summoning
 f - 3 scrolls of brand weapon
 g - 3 scrolls of enchant armour
 h - 2 scrolls of noise {!r}
 k - 4 scrolls of poison {!r}
 n - 2 scrolls of fear {unknown}
 o - 3 scrolls of fog {unknown}
 x - 3 scrolls of immolation {!r!r}
Potions
 A - 2 potions of brilliance

Dungeon Overview and Level Annotations

Branches:
Dungeon (9/15)             Temple (0/1) D:7
   Lair: D:8-11         Orc: D:9-12

Altars:
Ashenzari
Hepliaklqana
Kikubaaqudgha
Okawaru

Annotations:
D:2 Sigmund
D:4 3 runed translucent doors, Antichthon's ghost, novice FoAK
D:7 2 runed translucent doors, HendSelp's ghost, novice TeMo
D:8 1 exclusion

#..# #..#
#..####y.#
#..K.....#
#..KK....#
#...c....#
#KK###K..# #y.#
#..y# #..#
#..y# #KK#
#..@# #.)#
#...#
.cyK......#
.............
...........####
...........#
...........#
...........#


You could see a kobold brigand (wandering, can't see you), 3 meliai and 2
kobolds.


Message History

Things that are here:
a +0 scimitar {long}; a +0 short sword {short} You see here a +0 ring mail.
There is a stone staircase leading down here.
You climb downwards.
Level annotation: 1 exclusion
There is a stone staircase leading up here.
Found a stone staircase leading down.
A sourceless malevolence fills the Dungeon...
You fall into a shaft and drop 2 floors!
The shaft crumbles and collapses.
Unknown command.
A kobold comes into view. It is wielding a +0 short sword.
A kobold is nearby!
A kobold is nearby!
Unknown command.
A kobold brigand and a kobold come into view.
The kobold brigand is wielding a +0 dagger and quivering poisoned darts.
The kobold is wielding a +0 short sword and quivering poisoned darts.
A kobold comes into view. It is wielding a +0 short sword.
The kobold shouts!
You hear a shout!
You hear an angry buzzing noise.
A meliai and 2 kobolds come into view.
The kobold completely misses you.
The meliai moves out of view.
The kobold brigand shouts!
The kobold shouts!
You hit the kobold.
Your weapon exudes an aura of protection.
You hear a shout!
A meliai comes into view. It is wielding a +0 hand axe.
The kobold hits you with a +0 short sword. 😕 HP[-4]
You take 4 damage, and now have 58/62 hp.
You sock the kobold!
You kill the kobold!
You now have 63 max hp (+1).
The meliai calls down the wrath of its god upon you.
Something smites you! 😕 HP[-7]
You take 7 damage, and now have 51/63 hp.
The kobold throws a poisoned dart.
The poisoned dart completely misses you.
A centaur comes into view.
The meliai mumbles some strange prayers to its god against you.
Something smites you! The meliai hits you with a +0 hand axe.
The meliai misses you. 😮 HP[-19]
You take 19 damage, and now have 32/63 hp.
MASSIVE DAMAGE!! (PAUSE)
The meliai calls down the wrath of its god upon you.
Something smites you!
* * * LOW HITPOINT WARNING * * *
😨 HP[-9]
You take 9 damage, and now have 23/63 hp.
It was a potion of brilliance.
You feel clever all of a sudden. The meliai hits you with a +0 hand axe!
* * * LOW HITPOINT WARNING * * *
The meliai stings you but does no damage.
The meliai barely misses you. x2 😱 HP[-9]
You take 9 damage, and now have 14/63 hp.
It was a potion of invisibility.
You fade into invisibility!
The meliai barely misses you. x2; The meliai hits you with a +0 hand axe.
* * * LOW HITPOINT WARNING * * *
The meliai barely misses you.
The kobold throws a poisoned dart.
The poisoned dart closely misses the meliai.
The poisoned dart misses you. 😱 HP[-1]
You take 1 damage, and now have 13/63 hp.
As you read the scroll of teleportation {@r4}, it crumbles to dust.
You feel strangely unstable. The meliai barely misses you.
The meliai closely misses you. The meliai hits you with a +0 hand axe!
* * * LOW HITPOINT WARNING * * *
The meliai closely misses you. 😱 HP[-12]
You take 12 damage, and now have 1/63 hp.
Unknown command.
Unknown command.
Unknown command.
Okay, then.
Really read
z - a scroll of blinking {!r}?
Blink to where?
Press: ? - help, Dir - move target A meliai comes into view.
It is wielding a +0 war axe.
As you read the scroll of blinking {!r}, it crumbles to dust.
Unknown command.
Unknown command.
Your surroundings suddenly seem different.
The meliai completely misses you. The meliai misses you.
Unknown command.
As you read the scroll of teleportation {@r4}, it crumbles to dust.
You feel strangely unstable.
The meliai closely misses you. x3; The meliai barely misses you. 😱 HP[+1] Unknown command.
Unknown command.
The kobold throws a poisoned dart.
The poisoned dart barely misses the meliai.
The meliai hits you with a +0 hand axe!
You die...

Skill      XL: |  1  2  3  4  5  6  7  8  9 |
---------------+----------------------------+-----
Spellcasting   | 5 6 |  6.6
Invocations    | 1 2 3 4 |  4.6
Short Blades   | 1 2 3 4 |  4.2
Long Blades    | 1 2 3 4 |  4.2
Axes           | 1 2 3 4 |  4.2
Maces & Flails | 1 2 3 4 |  4.2
Polearms       | 1 2 3 4 |  4.2
Staves         | 1 2 3 4 |  4.2
Slings         | 1 2 3 4 |  4.2
Bows           | 1 2 3 4 |  4.2
Throwing       | 1 2 3 4 |  4.2
Armour         | 1 2 3 4 |  4.2
Dodging        | 1 2 3 4 |  4.2
Stealth        | 1 2 3 4 |  4.2
Shields        | 1 2 3 4 |  4.2
Unarmed Combat | 1 2 3 4 |  4.2
Conjurations   | 1 2 3 |  3.4
Hexes          | 1 2 3 |  3.4
Summonings     | 1 2 3 |  3.4
Necromancy     | 1 2 3 |  3.4
Translocations | 1 2 3 |  3.4
Fire Magic     | 1 2 3 |  3.4
Ice Magic      | 1 2 3 |  3.4
Air Magic      | 1 2 3 |  3.4
Earth Magic    | 1 2 3 |  3.4
Poison Magic   | 1 2 3 |  3.4
Fighting       | 3 4 5 |  5.0
Crossbows      | 5 6 |  6.3
Evocations     | 5 6 |  6.3
Transmutations | 6 |  6.5

Action                   |  1- 3 |  4- 6 |  7- 9 || total
-------------------------+-------+-------+-------++-------
Melee: Unarmed           |     3 |    91 |       ||    94
       Flail             |       |    80 |   399 ||   479
       Bite              |       |    20 |    31 ||    51
       Punch             |       |     2 |    13 ||    15
 Fire: Hand crossbow     |    93 |   128 |       ||   221
Throw: Stone             |       |    32 |    10 ||    42
 Cast: Sting             |     4 |       |       ||     4
Invok: Heroism           |       |       |    15 ||    15
Evoke: Wand              |       |     7 |     2 ||     9
  Use: Potion            |     1 |     6 |     4 ||    11
       Scroll            |       |     5 |     8 ||    13
 Stab: Sleeping          |       |     1 |     2 ||     3
Armor: Robe              |    16 |    85 |   209 ||   310
Dodge: Dodged            |    60 |   173 |   297 ||   530

Levels and vault maps discovered:
D:1:      scummos_arrival_simple_fountains, layout_loops_corners, serial_glass,
          glass_columns_a, glass_columns_b, glass_columns_b, glass_columns_a,
          due_unseen_surprise, feat_on_display, minmay_strange_pillars,
          minmay_tree_intersection, minmay_stone_trees_medium,
          minmay_tiny_reverse_x
D:2:      layout_loops_corners, dreamdust_princess_bridge, uniq_natasha,
          uniq_sigmund
D:3:      layout_loops_cross, minitemple,
          shapermc_ecumenical_altar_starsandcircs
D:4:      minmay_polygon_palace, layout_basic, gammafunk_ghost_nasty_kobolds,
          uniq_ijyb
D:5:      layout_basic, portal_sewer_entry_d, kennysheep_cross_bottleneck,
          uniq_menkaure
D:6:      layout_basic
D:7:      layout_loops_ring, kiku_gazebo_garden_becter,
          minmay_temple_entry_overgrown, ebering_ghost_disaster_area
D:8:      layout_loops_ring, columned_hall_lemuel, grunt_decor_cap, uniq_maggie
D:9:      layout_long_grid, enter_bailey_2, ebering_ghost_xom, uniq_joseph
D:10:     layout_small_grid, hiddenorc1_lemuel, onia_ninara_cookie

Notes
Turn   | Place    | Note
-------+----------+-------------------------------------------
     0 | D:1      | spaghetti the Gnoll Wanderer began the quest for the Orb.
     0 | D:1      | spaghetti set off with the following items: a +0 hand
                  | crossbow {crossbow}, a wand of flame (7), a potion of
                  | berserk rage {!q}, a +0 robe; and the following spells
                  | available to memorise: Beastly Appendage, Sting, Passwall
     0 | D:1      | Reached XP level 1. HP: 17/17 MP: 6/6
     0 | D:1      | magus.rc [v1.9.6]
   146 | D:1      | Reached XP level 2. HP: 19/23 MP: 7/7
   589 | D:1      | Reached XP level 3. HP: 12/28 MP: 9/9
   853 | D:1      | Reached skill level 5 in Spellcasting
   858 | D:1      | Learned a level 1 spell: Sting
  1400 | D:2      | Reached skill level 1 in Invocations
  1403 | D:2      | Reached skill level 1 in Short Blades
  1403 | D:2      | Reached skill level 1 in Long Blades
  1403 | D:2      | Reached skill level 1 in Axes
  1403 | D:2      | Reached skill level 1 in Maces & Flails
  1403 | D:2      | Reached skill level 1 in Polearms
  1403 | D:2      | Reached skill level 1 in Staves
  1403 | D:2      | Reached skill level 1 in Slings
  1403 | D:2      | Reached skill level 1 in Bows
  1403 | D:2      | Reached skill level 1 in Throwing
  1403 | D:2      | Reached skill level 1 in Armour
  1403 | D:2      | Reached skill level 1 in Dodging
  1403 | D:2      | Reached skill level 1 in Stealth
  1403 | D:2      | Reached skill level 1 in Shields
  1403 | D:2      | Reached skill level 1 in Unarmed Combat
  1408 | D:2      | Reached XP level 4. HP: 17/34 MP: 11/11
  1409 | D:2      | HP: 12/51 [gnoll/+2 flail of protection[a gnoll shaman]
                  | (5)]
  1411 | D:2      | HP: 4/51 [gnoll/+2 flail of protection[a gnoll shaman] (9)]
  1413 | D:2      | Reached skill level 1 in Conjurations
  1413 | D:2      | Reached skill level 1 in Hexes
  1413 | D:2      | Reached skill level 1 in Summonings
  1413 | D:2      | Reached skill level 1 in Necromancy
  1413 | D:2      | Reached skill level 1 in Translocations
  1413 | D:2      | Reached skill level 1 in Fire Magic
  1413 | D:2      | Reached skill level 1 in Ice Magic
  1413 | D:2      | Reached skill level 1 in Air Magic
  1413 | D:2      | Reached skill level 1 in Earth Magic
  1413 | D:2      | Reached skill level 1 in Poison Magic
  1724 | D:2      | Noticed Natasha
  1735 | D:2      | Killed Natasha
  1736 | D:2      | Reached XP level 5. HP: 16/40 MP: 12/12
  2290 | D:2      | You pick up a book of Blood and begin reading...
  2290 | D:2      | You add the spells Sublimation of Blood, Wereblood and
                  | Summon Hydra to your library.
  2572 | D:2      | Noticed Natasha
  2579 | D:2      | Killed Natasha
  2580 | D:2      | Reached skill level 3 in Fighting
  2668 | D:2      | Noticed Sigmund
  2806 | D:3      | Found a faded altar of an unknown god.
  2816 | D:3      | You pick up a book of Rime and begin reading...
  2816 | D:3      | You add the spells Frozen Ramparts, Ice Form and Summon Ice
                  | Beast to your library.
  3054 | D:3      | Reached skill level 2 in Invocations
  3054 | D:3      | Reached XP level 6. HP: 18/47 MP: 14/14
  3307 | D:3      | Found an iron altar of Okawaru.
  3314 | D:3      | Found a hazy altar of Hepliaklqana.
  3317 | D:3      | Found a broken altar of Ashenzari.
  3490 | D:3      | Became a worshipper of Warmaster Okawaru
  3512 | D:4      | Found a runed translucent gate.
  3513 | D:4      | Found a runed translucent gate.
  3513 | D:4      | Noticed Antichthon's ghost (novice FoAK)
  3520 | D:4      | Found a runed translucent gate.
  3844 | D:4      | Noticed Ijyb
  3857 | D:4      | Killed Ijyb
  3858 | D:4      | Reached skill level 2 in Short Blades
  3858 | D:4      | Reached skill level 2 in Long Blades
  3858 | D:4      | Reached skill level 2 in Axes
  3858 | D:4      | Reached skill level 2 in Maces & Flails
  3858 | D:4      | Reached skill level 2 in Polearms
  3858 | D:4      | Reached skill level 2 in Staves
  3858 | D:4      | Reached skill level 2 in Slings
  3858 | D:4      | Reached skill level 2 in Bows
  3858 | D:4      | Reached skill level 5 in Crossbows
  3858 | D:4      | Reached skill level 2 in Throwing
  3858 | D:4      | Reached skill level 2 in Armour
  3858 | D:4      | Reached skill level 2 in Dodging
  3858 | D:4      | Reached skill level 2 in Stealth
  3858 | D:4      | Reached skill level 2 in Shields
  3858 | D:4      | Reached skill level 2 in Unarmed Combat
  3858 | D:4      | Reached skill level 5 in Evocations
  4219 | D:4      | Noticed a black bear
  4233 | D:4      | Reached XP level 7. HP: 51/52 MP: 15/15
  4242 | D:4      | Reached * piety under Okawaru
  4243 | D:4      | Reached skill level 2 in Conjurations
  4243 | D:4      | Reached skill level 2 in Hexes
  4243 | D:4      | Reached skill level 2 in Summonings
  4243 | D:4      | Reached skill level 2 in Necromancy
  4243 | D:4      | Reached skill level 2 in Translocations
  4243 | D:4      | Reached skill level 2 in Fire Magic
  4243 | D:4      | Reached skill level 2 in Ice Magic
  4243 | D:4      | Reached skill level 2 in Air Magic
  4243 | D:4      | Reached skill level 2 in Earth Magic
  4243 | D:4      | Reached skill level 2 in Poison Magic
  4399 | D:5      | Entered Level 5 of the Dungeon
  4446 | D:5      | Noticed Menkaure
  4454 | D:5      | Killed Menkaure
  4502 | D:5      | Reached skill level 3 in Invocations
  4604 | D:5      | Reached skill level 6 in Transmutations
  4604 | D:5      | Reached XP level 8. HP: 53/60 MP: 16/16
  4608 | D:5      | Reached skill level 4 in Fighting
  4736 | D:5      | Reached skill level 3 in Short Blades
  4736 | D:5      | Reached skill level 3 in Long Blades
  4736 | D:5      | Reached skill level 3 in Axes
  4736 | D:5      | Reached skill level 3 in Maces & Flails
  4736 | D:5      | Reached skill level 3 in Polearms
  4736 | D:5      | Reached skill level 3 in Staves
  4736 | D:5      | Reached skill level 3 in Slings
  4736 | D:5      | Reached skill level 3 in Bows
  4736 | D:5      | Reached skill level 3 in Throwing
  4736 | D:5      | Reached skill level 3 in Armour
  4736 | D:5      | Reached skill level 3 in Dodging
  4736 | D:5      | Reached skill level 3 in Stealth
  4736 | D:5      | Reached skill level 3 in Shields
  4736 | D:5      | Reached skill level 3 in Unarmed Combat
  4824 | D:5      | Reached skill level 6 in Spellcasting
  4861 | D:5      | Reached ** piety under Okawaru
  5487 | D:6      | Gained mutation: Your flesh is heat resistant. (rF+)
                  | [potion of mutation]
  5813 | D:6      | You pick up a book of Geomancy and begin reading...
  5813 | D:6      | You add the spells Sandblast and Stone Arrow to your
                  | library.
  5853 | D:6      | HP: 13/61 [something (5)]
  5855 | D:6      | Reached skill level 4 in Invocations
  5942 | D:6      | Reached skill level 3 in Conjurations
  5942 | D:6      | Reached skill level 3 in Hexes
  5942 | D:6      | Reached skill level 3 in Summonings
  5942 | D:6      | Reached skill level 3 in Necromancy
  5942 | D:6      | Reached skill level 3 in Translocations
  5942 | D:6      | Reached skill level 3 in Fire Magic
  5942 | D:6      | Reached skill level 3 in Ice Magic
  5942 | D:6      | Reached skill level 3 in Air Magic
  5942 | D:6      | Reached skill level 3 in Earth Magic
  5942 | D:6      | Reached skill level 3 in Poison Magic
  6054 | D:6      | Reached skill level 6 in Crossbows
  6054 | D:6      | Reached skill level 6 in Evocations
  6054 | D:6      | Reached XP level 9. HP: 53/66 MP: 18/18
  6761 | D:7      | Found an ancient bone altar of Kikubaaqudgha.
  6850 | D:7      | Reached skill level 4 in Short Blades
  6850 | D:7      | Reached skill level 4 in Long Blades
  6850 | D:7      | Reached skill level 4 in Axes
  6850 | D:7      | Reached skill level 4 in Maces & Flails
  6850 | D:7      | Reached skill level 4 in Polearms
  6850 | D:7      | Reached skill level 4 in Staves
  6850 | D:7      | Reached skill level 4 in Slings
  6850 | D:7      | Reached skill level 4 in Bows
  6850 | D:7      | Reached skill level 4 in Throwing
  6850 | D:7      | Reached skill level 4 in Armour
  6850 | D:7      | Reached skill level 4 in Dodging
  6850 | D:7      | Reached skill level 4 in Stealth
  6850 | D:7      | Reached skill level 4 in Shields
  6850 | D:7      | Reached skill level 4 in Unarmed Combat
  7265 | D:7      | Found a staircase to the Ecumenical Temple.
  7358 | D:7      | Reached skill level 5 in Fighting
  7578 | D:7      | Found a large runed translucent door.
  7578 | D:7      | Found a large runed translucent door.
  7580 | D:7      | Noticed HendSelp's ghost (novice TeMo)
  8108 | D:8      | Noticed a two-headed ogre
  8118 | D:8      | HP: 4/62 [two-headed ogre/+0 giant club (27)]
  8566 | D:8      | You fall into a shaft and drop 2 floors!
  8566 | D:10     | Entered Level 10 of the Dungeon
  8587 | D:10     | Noticed a meliai
  8588 | D:10     | Noticed a meliai
  8595 | D:10     | HP: 14/63 [meliai/+0 hand axe (10)]
  8597 | D:10     | HP: 1/63 [meliai/+0 hand axe (12)]
  8598 | D:10     | Noticed a meliai
  8602 | D:10     | Mangled by a meliai

Vanquished Creatures
  Menkaure (D:5)
  A water moccasin (D:7)
  An ice beast (D:6)
  A black bear (D:4)
  2 sky beasts (D:6)
  An ogre (D:5)
  4 phantoms
  A bullfrog (D:6)
  2 necrophages
  3 scorpions
  2 howler monkeys (D:7)
  5 hounds
  A jelly (D:7)
  An orc priest (D:7)
  2 gnoll shamans
  Ijyb (D:4)
  Natasha (twice) (D:2)
  2 iguanas (D:5)
  8 orc wizards
  10 gnolls
  8 adders
  A shadow imp (D:6)
  A white imp (D:4)
  3 ufetubi
  A worm (D:2)
  2 dart slugs
  29 orcs
  11 endoplasms
  6 giant cockroaches
  6 hobgoblins
  5 jackals
  4 kobolds
  3 quokkas
  8 ball pythons
  3 bats
  3 frilled lizards
  6 goblins
  A rat (D:1)
152 creatures vanquished.

Vanquished Creatures (others)
  An orc wizard (D:6)
  A fungus (D:4)
  6 plants
  3 withered plants (D:7)
11 creatures vanquished.

Grand Total: 163 creatures vanquished

Table legend:
 A = Non-vault XP
 B = Vault XP
 C = Vault XP percentage of total XP
 D = Non-vault monster count
 E = Vault monster count
 F = Vault count percentage of total count
                 A         B        C        D         E       F
            +---------+---------+-------+---------+---------+-------
      Total |    2743 |     581 |  17.5 |     133 |      20 |  13.1
            +---------+---------+-------+---------+---------+-------
        D:1 |      48 |       3 |   5.9 |      26 |       2 |   7.1
        D:2 |     162 |      35 |  17.8 |      16 |       1 |   5.9
        D:3 |     136 |       0 |   0.0 |      14 |       0 |   0.0
        D:4 |      81 |     355 |  81.4 |       7 |      15 |  68.2
        D:5 |     818 |     188 |  18.7 |      21 |       2 |   8.7
        D:6 |     729 |       0 |   0.0 |      19 |       0 |   0.0
        D:7 |     678 |       0 |   0.0 |      28 |       0 |   0.0
        D:8 |      89 |       0 |   0.0 |       1 |       0 |   0.0
       D:10 |       2 |       0 |   0.0 |       1 |       0 |   0.0
            +---------+---------+-------+---------+---------+-------

Illustrated notes

Table legend:
 A = Kills in this place as a percentage of kills in entire the game.
 B = Kills by you in this place as a percentage of kills by you in the entire game.
 C = Kills by friends in this place as a percentage of kills by friends in the entire game.
 D = Other kills in this place as a percentage of other kills in the entire game.
 E = Experience gained in this place as a percentage of experience gained in the entire game.
 F = Experience gained in this place divided by the number of levels of this place that you have seen.
                   A       B       C       D       E      F
               +-------+-------+-------+-------+-------+----------------------
         Total | 100.0 | 100.0 |   N/A | 100.0 | 100.0 | 332.4
       Dungeon | 100.0 | 100.0 |   N/A | 100.0 | 100.0 | 332.4
               +-------+-------+-------+-------+-------+----------------------

Table legend: (Time is in decaauts)
 A = Elapsed time spent in this place.
 B = Non-inter-level travel time spent in this place.
 C = Inter-level travel time spent in this place.
 D = Time resting spent in this place.
 E = Time spent auto-exploring this place.
 F = Levels seen in this place.
 G = Mean time per level.
                   A        B        C        D        E       F      G
               +--------+--------+--------+--------+--------+-----+--------+
         Total |   8753 |   8454 |    299 |   1140 |   5758 |  10 |  875.3 |
       Dungeon |   8753 |   8454 |    299 |   1140 |   5758 |  10 |  875.3 |
               +--------+--------+--------+--------+--------+-----+--------+

Top non-repeatable levels by time:
     D:7: 1940 daAuts
     D:1: 1483 daAuts
     D:2: 1302 daAuts
     D:5: 1099 daAuts
     D:6: 932 daAuts
     D:4: 914 daAuts
     D:3: 799 daAuts
     D:8: 236 daAuts
    D:10: 36 daAuts
     D:9: 7 daAuts
